 Dungeon Crawl Stone Soup version 0.22-a0-824-g1ca9aab89c (webtiles) character file.

130 Banto the Sneak (level 5, -3/31 HPs)
             Began as an Octopode Earth Elementalist on July 24, 2018.
             Slain by a gnoll
             ... wielding a +0 spear
              (8 damage)
             ... on level 3 of the Dungeon.
             The game lasted 00:02:25 (2624 turns).

Banto the Sneak (Octopode Earth Elementalist)       Turns: 2624, Time: 00:02:26

Health: -3/31      AC:  1    Str:  7    XL:     5   Next: 13%
Magic:  8/17       EV: 13    Int: 19    God:
Gold:   60         SH:  0    Dex: 12    Spells: 2/8 levels left

rFire    . . .     SeeInvis +   f - +0 short sword
rCold    . . .     Gourm    .   (no shield)
rNeg     . . .     Faith    .   (helmet restricted)
rPois    .         Spirit   .   (no amulet)
rElec    .         Reflect  .   i - ring of magical power
rCorr    .         Harm     .   n - ring of see invisible
MR       .....                  (no ring)
Stlth    ++++......             (no ring)
HPRegen  0.10/turn              (no ring)
MPRegen  0.15/turn              (no ring)
                                (no ring)
                                (no ring)

@: very slightly contaminated
A: almost no armour, stealthy swim, amphibious, 8 rings, constrict 8, camouflage
1, gelatinous body 1
a: no special abilities


You were on level 3 of the Dungeon.
You were hungry.

You visited 1 branch of the dungeon, and saw 3 of its levels.

You collected 60 gold pieces.

Inventory:

Hand Weapons
 f - a +0 short sword (weapon)
Missiles
 b - 33 stones (quivered)
Jewellery
 i - a ring of magical power (left tentacle)
 n - a ring of see invisible (right tentacle)
Scrolls
 e - 2 scrolls of fog
 g - a scroll of identify
Potions
 a - 2 potions of lignification
 h - a potion of ambrosia {unknown}
 j - a potion of haste {unknown}
 k - a potion of agility {unknown}
 m - a potion of brilliance {unknown}
Comestibles
 c - 5 rations
 d - 3 chunks of flesh


   Skills:
 + Level 1.2 Short Blades
 - Level 2.0 Dodging
 + Level 4.7 Stealth
 + Level 2.4 Spellcasting
 + Level 1.7 Transmutations
 + Level 4.0 Earth Magic


You had 2 spell levels left.
You knew the following spells:

 Your Spells              Type           Power        Failure   Level  Hunger
a - Sandblast             Erth           ###...       3%          1    #......
b - Passwall              Tmut/Erth      ##......     8%          2    ##.....
c - Stone Arrow           Conj/Erth      ##....       22%         3    ###....

Your spell library contained the following spells:

 Spells                   Type           Power        Failure   Level  Hunger
 Lee's Rapid Deconstruct  Erth           ###.......   65%         5    ######.
 Petrify                  Tmut/Erth      ##......     45%         4    #####..


Dungeon Overview and Level Annotations

Branches:
Dungeon (3/15)

Altars:


Innate Abilities, Weirdness & Mutations

You cannot wear most types of armour.
You are very stealthy in the water. (Stealth+)
You are amphibious.
You can wear up to eight rings at the same time.
You can use your tentacles to constrict eight enemies at once.
Your skin changes colour to match your surroundings (Stealth+).
Your rubbery body absorbs attacks. (AC +1, EV +1)


Message History

Confirm with . or Enter, or press ? or * to list all spells.
Aiming: Sandblast (safe; 3% risk of failure)
Press: ? - help, Shift-Dir - straight line, f/p - gnoll
Aim: a gnoll, wielding a spear The blast of sand hits the adder.
You kill the adder!
b - 34 stones The gnoll hits you from afar with a spear.
* * * LOW HITPOINT WARNING * * *
You take 5 damage, and have 4/31 hp.
You now have 9/17 mp.
Casting: Sandblast (safe; 3% risk of failure)
Confirm with . or Enter, or press ? or * to list all spells.
Aiming: Sandblast (safe; 3% risk of failure)
Press: ? - help, Shift-Dir - straight line, f/p - gnoll
Aim: a gnoll, wielding a spear The blast of sand hits the gnoll.
The gnoll is moderately wounded.
b - 33 stones The gnoll hits you from afar with a spear!
You die...

#...# #... # #...
#.#<. #.# .#.. ###..
#.# ..#.# ..... #.#
#.#.# .$$.. #.#
#@#.# ..... #.#
#†#.# .....
###.#####g#.# ...
#.....g...#.#
####.###......##.#.#
....))†.........>..#
#....###......##...#
.....
#......##.#####.#
....S
.........(........


You could see a gnoll.

Vanquished Creatures
  4 adders
  3 gnolls (D:3)
  2 worms (D:3)
  2 leopard geckos
  2 giant cockroaches (D:1)
  7 goblins
  6 hobgoblins
  6 jackals
  6 kobolds
  2 quokkas
  A ball python (D:3)
  4 bats
  3 frilled lizards (D:1)
  11 rats
59 creatures vanquished.

Notes
Turn   | Place    | Note
-------+----------+-------------------------------------------
     0 | D:1      | Banto the Octopode Earth Elementalist began the quest for the Orb.
     0 | D:1      | Reached XP level 1. HP: 11/11 MP: 3/3
   104 | D:1      | Reached XP level 2. HP: 7/17 MP: 0/5
   843 | D:1      | Reached XP level 3. HP: 18/21 MP: 6/6
   858 | D:1      | Learned a level 2 spell: Passwall
   862 | D:1      | Learned a level 3 spell: Stone Arrow
  1975 | D:2      | Reached XP level 4. HP: 17/27 MP: 7/7
  2603 | D:3      | Reached skill level 1 in Short Blades
  2610 | D:3      | Reached XP level 5. HP: 11/31 MP: 8/8
  2624 | D:3      | Slain by a gnoll

Vault maps used:
D:1:      dpeg_arrival_pond, minmay_nonomino_d4
D:2:      lemuel_upstairs_altar, serial_forest, infiniplex_forest_fountain,
          infiniplex_forest_straight_2, infiniplex_forest_lined_2,
          infiniplex_forest_zigzag_1, infiniplex_forest_lined_corner,
          lightli_corner_chamber

Skill      XL: |  1  2  3  4 |
---------------+-------------+-----
Stealth        | 3 4 |  4.7
Short Blades   | 1 |  1.2
Earth Magic    | 4 |  4.0
Dodging        | |  2.0
Spellcasting   | |  2.4
Transmutations | |  1.7

Action                   |  1- 3 |  4- 6 || total
-------------------------+-------+-------++-------
Melee: Unarmed           |    30 |       ||    30
       Constrict         |    20 |     7 ||    27
       Tentacles         |     8 |     6 ||    14
       Short sword       |    61 |    29 ||    90
 Cast: Sandblast         |    11 |    12 ||    23
       Passwall          |       |     1 ||     1
  Use: Scroll            |       |     6 ||     6
 Stab: Sleeping          |    10 |     6 ||    16
       Distracted        |     2 |       ||     2
  Eat: Chunk             |     3 |     2 ||     5
Armor: Skin              |     6 |     4 ||    10
Dodge: Dodged            |    52 |    20 ||    72

Table legend:
 A = Spawn XP
 B = Non-spawn XP
 C = Spawn XP percentage of total XP
 D = Spawn monster count
 E = Non-spawn monster count
 F = Spawn count percentage of total count
 G = Total turns spent on level
                    A         B        C        D         E        F      G
               +---------+---------+-------+---------+---------+-------+---------
         Total |       0 |     186 |   0.0 |       0 |      59 |   0.0 |  2624
               +---------+---------+-------+---------+---------+-------+---------
           D:1 |       0 |      43 |   0.0 |       0 |      26 |   0.0 |  1128
           D:2 |       0 |      72 |   0.0 |       0 |      23 |   0.0 |  1336
           D:3 |       0 |      71 |   0.0 |       0 |      10 |   0.0 |   160
               +---------+---------+-------+---------+---------+-------+---------

Table legend:
 A = Turns spent in this place as a percentage of turns spent in the entire game.
 B = Non-inter-level travel turns spent in this place as a percentage of non-inter-level travel turns spent in the entire game.
 C = Inter-level travel turns spent in this place as a percentage of turns spent in this place.
 D = Turns resting spent in this place as a percentage of non-inter-level travel turns spent in this place.
 E = Turns spent auto-exploring this place as a percentage of non-inter-level travel turns spent in this place.
 F = Non-inter-level travel turns spent in this place divided by the number of levels of this place that you've seen.
                   A       B       C       D       E      F
               +-------+-------+-------+-------+-------+----------------------
         Total | 100.0 | 100.0 |   2.2 |  35.2 |  47.4 | 855.3
       Dungeon | 100.0 | 100.0 |   2.2 |  35.2 |  47.4 | 855.3
               +-------+-------+-------+-------+-------+----------------------

Table legend:
 A = Kills in this place as a percentage of kills in entire the game.
 B = Kills by you in this place as a percentage of kills by you in the entire game.
 C = Kills by friends in this place as a percentage of kills by friends in the entire game.
 D = Other kills in this place as a percentage of other kills in the entire game.
 E = Experience gained in this place as a percentage of experience gained in the entire game.
 F = Experience gained in this place divided by the number of levels of this place that you have seen.
                   A       B       C       D       E      F
               +-------+-------+-------+-------+-------+----------------------
         Total | 100.0 | 100.0 |   N/A |   N/A | 100.0 |  62.0
       Dungeon | 100.0 | 100.0 |   N/A |   N/A | 100.0 |  62.0
               +-------+-------+-------+-------+-------+----------------------
